 Dungeon Crawl Stone Soup version 0.30.1-3-gfc49f6343a (webtiles) character file.

Game seed: 4949128258522802739

363 H0rd4k the Sneak (level 6, -6/39 HPs)
             Began as an Octopode Artificer on July 18, 2023.
             Was an Initiate of Gozag.
             Killed from afar by a white imp (13 damage)
             ... with a puff of frost
             ... on level 5 of the Dungeon.
             The game lasted 00:03:03 (3676 turns).

H0rd4k the Sneak (Octopode Artificer)               Turns: 3676, Time: 00:03:03

Health: -6/39      AC:  1    Str: 12    XL:     6   Next: 67%
Magic:  15/15      EV: 14    Int: 15    God:    Gozag
Gold:   171        SH:  0    Dex: 12    Spells: 5/5 levels left

rFire   . .          .
                       - Unarmed
rCold   . . .        (no shield)
rNeg    . . .        (helmet restricted)
rPois   .            (no amulet)
rElec   .            i - ring of magical power
rCorr   .            (no ring)
SInv    .            (no ring)
Will    .....        (no ring)
Stlth   ++++         (no ring)
HPRegen 0.26/turn    (no ring)
MPRegen 0.14/turn    (no ring)
                     (no ring)

%: no passive effects
@: gold aura
A: almost no armour, amphibious, 8 rings, camouflage 1, gelatinous body 1,
(nimble swimmer 1), tentacles
a: Renounce Religion, Potion Petition, Call Merchant, Bribe Branch


You were on level 5 of the Dungeon.
You worshipped Gozag.
Gozag was aware of your devotion.
You visited 2 branches of the dungeon, and saw 6 of its levels.

You collected 217 gold pieces.
You paid 46 gold pieces to Gozag.

Inventory:

Hand Weapons
 l - a +2 dagger of venom
Missiles
 r - 7 poisoned darts
 s - 4 atropa-tipped darts
Jewellery
 i - a ring of magical power (left tentacle)
 q - a ring of willpower
 t - an amulet of the acrobat
Wands
 b - a wand of flame (8) (quivered)
 c - a wand of charming (11)
 d - a wand of iceblast (4)
Scrolls
 a - a scroll of enchant armour {unknown}
 e - 6 scrolls of identify {unknown}
 f - 2 scrolls of acquirement {unknown}
 g - 2 scrolls of immolation
 h - 3 scrolls of noise {unknown}
 k - a scroll of blinking {unknown}
 n - a scroll of magic mapping {unknown}
 p - a scroll of silence {unknown}
 v - a scroll of poison {unknown}
Potions
 j - a potion of curing {unknown}
 m - 2 potions of attraction {unknown}
 o - a potion of brilliance {unknown}
 u - a potion of berserk rage {unknown}


   Skills:
 + Level 1.7 Fighting
 + Level 3.4 Dodging
 + Level 4.6 Stealth
 + Level 3.9 Unarmed Combat
 + Level 4.3 Evocations


You had 5 spell levels left.
You didn't know any spells.
Your spell library was empty.

Dungeon Overview and Level Annotations

Branches:
Dungeon (5/15)             Temple (1/1) D:4

Altars:
Ashenzari
Dithmenos
Elyvilon
Gozag
Hepliaklqana
Makhleb
Nemelex Xobeh
Okawaru
Uskayaw
Wu Jian
Zin


Innate Abilities, Weirdness & Mutations

You cannot wear most types of armour.
You are amphibious.
You can wear up to eight rings at the same time.
Your skin changes colour to match your surroundings (Stealth+).
Your rubbery body absorbs attacks. (AC +1, EV +1)
((You are camouflaged when in or above water. (Stealth+)))
You have tentacles for arms and can constrict up to eight enemies at once.


Message History

The ufetubus shouts!
The howler monkey howls!
The ufetubus moves out of view.
Something shouts, "Quit, thou surly hedge-born urchin!"
The howler monkey hits you. The howler monkey barely misses you.
You closely miss the howler monkey. You grab the howler monkey.
You constrict the howler monkey. The howler monkey barely misses you.
The ufetubus misses you. The ufetubus barely misses you.
You tentacle-slap the howler monkey.
You squeeze the howler monkey, but do no damage.
The howler monkey is moderately wounded.
You constrict the howler monkey. The ufetubus closely misses you.
The ufetubus hits you. The howler monkey misses you.
The white imp grinds its teeth.
You bludgeon the howler monkey!
The howler monkey is almost dead.
You constrict the howler monkey.
You kill the howler monkey!
The ufetubus hits you. x2; The ufetubus closely misses you.
The ufetubus hits you.
The white imp shouts, "Slither away, thou jarring bat-fowling baggage!"
The white imp barely misses you. The ufetubus barely misses you.
The ufetubus hits you. The white imp closely misses you.
The white imp attacks as you move away! The white imp hits you.
The white imp freezes you.
* * * LOW HITPOINT WARNING * * *
The ufetubus attacks as you move away! The ufetubus closely misses you. x2
The ufetubus misses you. The ufetubus hits you.
* * * LOW HITPOINT WARNING * * *
You closely miss the ufetubus. Your grab misses the ufetubus.
Your squeeze misses the ufetubus. The ufetubus misses you.
The ufetubus barely misses you.
Aiming: Charm
Press: ? - help, Shift-Dir - straight line, f - ufetubus
Aim: an ufetubus (chance to affect: 68%)
The ufetubus is charmed.
The white imp gestures at you. The puff of frost misses your ufetubus.
The puff of frost hits you!
You die...
Your body crumbles into a pile of gold.

# ..## ..... ###########
######## .....###55@.......
.......<
..∩....#.##################
.....#.$.....#. #.........#
.....#..........#.#######.#
...#.....########.# #.#
.........#........# #.#
....###.##.######## #..
.... #....# #.. ... ######
#..


You could see a white imp and a friendly ufetubus (charmed).

Vanquished Creatures
  A centaur (D:4)
  A scorpion (D:5)
  A howler monkey (D:5)
  3 gnolls (D:4)
  3 adders
  A shadow imp (D:5)
  A white imp (D:5)
  An ufetubus (D:5)
  A worm (D:2)
  4 dart slugs
  3 orcs (D:4)
  4 bats
  6 endoplasms
  3 giant cockroaches
  6 goblins
  12 hobgoblins
  4 jackals (D:2)
  11 kobolds
  4 quokkas
  6 ball pythons
  6 frilled lizards
  10 rats
92 creatures vanquished.

Vanquished Creatures (others)
  A hound (D:4)
1 creature vanquished.

Grand Total: 93 creatures vanquished

Notes
Turn   | Place    | Note
-------+----------+-------------------------------------------
     0 | D:1      | H0rd4k the Octopode Artificer began the quest for the Orb.
     0 | D:1      | Reached XP level 1. HP: 13/13 MP: 1/1
   176 | D:1      | Reached XP level 2. HP: 13/18 MP: 2/2
   763 | D:1      | Reached XP level 3. HP: 23/23 MP: 3/3
   873 | D:1      | Reached skill level 1 in Unarmed Combat
  1282 | D:2      | Reached XP level 4. HP: 26/28 MP: 4/4
  1872 | D:3      | Found a sparkling altar of Nemelex Xobeh.
  1884 | D:3      | Found a faded altar of an unknown god.
  2461 | D:3      | Found a hazy altar of Hepliaklqana.
  2640 | D:4      | Noticed a scorpion
  2851 | D:4      | Found a white marble altar of Elyvilon.
  2969 | D:4      | Noticed a centaur
  2980 | D:4      | Reached XP level 5. HP: 17/33 MP: 5/5
  2980 | D:4      | Killed a centaur
  3150 | D:4      | Reached XP level 6. HP: 37/38 MP: 6/6
  3240 | D:4      | Found a staircase to the Ecumenical Temple.
  3261 | Temple   | Entered the Ecumenical Temple
  3318 | Temple   | Became a worshipper of Gozag Ym Sagoz the Greedy
  3537 | D:5      | Entered Level 5 of the Dungeon
  3676 | D:5      | Killed from afar by a white imp

Illustrated notes

Levels and vault maps discovered:
D:1:      lightli_arrival_flooded_house, layout_basic
D:2:      layout_loops_ring
D:3:      layout_basic, nicolae_overflow_hidden_temple,
          mainiacjoe_overflow_small_starburst,
          hellmonk_ecumenical_altar_blasted, kennysheep_boxes
D:4:      layout_rooms, nicolae_elyvilon_peaceful_grove,
          minmay_temple_entry_slanted, minmay_door_square, minmay_box_of_dots
D:5:      layout_basic, nicolae_qazlal_beasts_of_the_sky, serial_demonic,
          serial_demonic_a, serial_demonic_g, serial_demonic_e,
          serial_demonic_a, serial_demonic_d, serial_demonic_b,
          chequers_serial_rivers_large_b, grunt_ministairs_8,
          amcnicky_mini_corridor_feature
Temple:   dshaligram_water_room_temple

Skill      XL: |  1  2  3  4  5 |
---------------+----------------+-----
Evocations     | 4 |  4.3
Unarmed Combat | 1 2 3 |  3.9
Stealth        | 2 3 4 |  4.6
Dodging        | 3 |  3.4
Fighting       | |  1.7

Action                     |  1- 3 |  4- 6 || total
---------------------------+-------+-------++-------
  Melee: Unarmed           |   105 |   105 ||   210
         Constrict         |    34 |    31 ||    65
         Tentacles         |    30 |    24 ||    54
         Punch             |     3 |     3 ||     6
  Evoke: Wand              |       |    12 ||    12
   Stab: Sleeping          |    12 |     3 ||    15
 Armour: Skin              |    10 |     5 ||    15
  Dodge: Dodged            |    43 |    76 ||   119
